 Dungeon Crawl Stone Soup version 0.27.0-65-ge2af304b15 (webtiles) character file.

Game seed: 6017673655312324547

36 dolemite99 the Ruffian (level 3, 0/46 HPs)
             Began as a Minotaur Berserker on Aug 19, 2021.
             Was a Follower of Trog.
             Succumbed to an adder's poison
             ... on level 2 of the Dungeon.
             The game lasted 00:01:39 (1517 turns).

dolemite99 the Ruffian (Minotaur Berserker)         Turns: 1517, Time: 00:01:39

Health: 0/46       AC:  5    Str: 22    XL:     3   Next: 19%
Magic:  2/2        EV: 12    Int:  4    God:    Trog [*.....]
Gold:   107        SH:  0    Dex:  9    Spells: 2/2 levels left

rFire    . . .     SeeInvis .     - Unarmed
rCold    . . .     Faith    .   (no shield)
rNeg     . . .     Spirit   .   a - +0 animal skin
rPois    .         Reflect  .   (helmet restricted)
rElec    .         Harm     .   (no cloak)
rCorr    .         Rampage  .   (no gloves)
Will     .....                  c - +2 pair of boots
Stlth    ..........             (no amulet)
HPRegen  0.15/turn              (no ring)
MPRegen  0.08/turn              (no ring)

@: berserking, lethally poisoned (0 -> -4), very quick
A: horns 2, retaliatory headbutt
a: Renounce Religion, Berserk


You were on level 2 of the Dungeon.
You worshipped Trog.
Trog was aware of your devotion.
You visited 1 branch of the dungeon, and saw 2 of its levels.

You collected 107 gold pieces.

Inventory:

Armour
 a - a +0 animal skin (worn)
 c - a +2 pair of boots (worn)
Scrolls
 b - a scroll of noise {unknown}
Potions
 d - a potion of magic {unknown}


   Skills:
 - Level 3.6 Fighting
 - Level 2.4 Armour
 - Level 2.1 Dodging
 + Level 4.8 Unarmed Combat


You had 2 spell levels left.
You didn't know any spells.
Your spell library was empty.

Dungeon Overview and Level Annotations

Branches:
Dungeon (2/15)

Altars:


Innate Abilities, Weirdness & Mutations

You have a pair of horns on your head.
You reflexively headbutt those who attack you in melee.


Message History

The goblin barely misses you.
A red film seems to cover your vision as you go berserk!
You feel yourself moving faster!
You feel mighty! The goblin barely misses you.
You closely miss the gnoll. The gnoll hits you with a +0 club!
* * * LOW HITPOINT WARNING * * *
You hit the gnoll.
The gnoll is heavily wounded.
The goblin hits you with a +0 club.
* * * LOW HITPOINT WARNING * * *
You barely miss the gnoll. You punch the gnoll.
You kill the gnoll!
Trog accepts your kill. The goblin closely misses you.
You barely miss the goblin. You hit the gnoll.
The gnoll is heavily wounded.
The gnoll hits you with a +0 flail.
* * * LOW HITPOINT WARNING * * *
The goblin hits you with a +0 club.
* * * LOW HITPOINT WARNING * * *
You barely miss the gnoll. You headbutt the gnoll.
You kill the gnoll!
Trog accepts your kill. The goblin hits you with a +0 club.
* * * LOW HITPOINT WARNING * * *
You have reached level 3!
Your experience leads to an increase in your attributes!
Increase (S)trength, (I)ntelligence, or (D)exterity?
You feel stronger.
You closely miss the goblin. You punch the goblin!
You kill the goblin!
Trog accepts your kill.
You closely miss the adder. Your headbutt misses the adder.
The adder bites you.
* * * LOW HITPOINT WARNING * * *
You are lethally poisoned!
The adder poisons you!
You barely miss the adder. Your headbutt misses the adder.
You die...

#.#...# #.#...# #.#...#
#.#..[# #g#...# #.#...#
... #g#...# #...
#l#...########### #....
#.# #.)@Sg.l...#####....
#.# #.######.#.....#....
##.####.#####..P........^.
#.....#.##.Sg..P.≈.PP....#
#.....#.##....P..≈≈P.....#
#.....l...l..P...♣≈≈≈.P..#
#.....#.##....P..≈≈≈≈≈...#
#.....#.##......≈≈≈≈≈≈≈..#
#.♣...#.##....≈≈≈≈≈≈≈≈≈≈P.


You could see a gnoll, an adder and a frilled lizard.

Vanquished Creatures
  2 gnolls (D:2)
  2 endoplasms (D:1)
  A hobgoblin (D:2)
  3 ball pythons
  2 bats
  A frilled lizard (D:1)
  2 goblins
  3 kobolds
  4 rats
20 creatures vanquished.

Vanquished Creatures (others)
  2 plants (D:2)
2 creatures vanquished.

Grand Total: 22 creatures vanquished

Notes
Turn   | Place    | Note
-------+----------+-------------------------------------------
     0 | D:1      | dolemite99 the Minotaur Berserker began the quest for the
                  | Orb.
     0 | D:1      | Reached XP level 1. HP: 19/19 MP: 0/0
   634 | D:1      | Reached XP level 2. HP: 26/26 MP: 1/1
   764 | D:1      | Reached skill level 4 in Unarmed Combat
  1513 | D:2      | HP: 1/39 [goblin (1)]
  1514 | D:2      | Reached XP level 3. HP: 2/31 MP: 2/2
  1517 | D:2      | Succumbed to an adder's poison

Illustrated notes

Levels and vault maps discovered:
D:1:      zaba_arrival_water, layout_basic, serial_co_window_serial,
          co_window_cross_1, co_window_corner_a, co_window_corner_a,
          co_window_corner_a, co_window_cross_1, co_window_paths_a,
          co_window_corner_a, co_window_paths_a, co_window_of_opportunity_a,
          co_window_2corner, co_window_paths_c, co_window_of_opportunity_b,
          co_window_corner_b, co_window_cross_2, co_window_paths_c,
          co_window_of_opportunity_b, co_window_paths_d
D:2:      layout_basic, serial_shops, nicolae_shop_waterfront, basic_altar,
          chequers_mini_garden, guppyfry_early_lair_pool

Skill      XL: |  1  2 |
---------------+-------+-----
Unarmed Combat | 4 |  4.8
Fighting       | |  3.6
Armour         | |  2.4
Dodging        | |  2.1

Action                   || total
-------------------------++-------
Melee: Unarmed           ||    43
       Headbutt          ||     5
       Punch             ||     2
Invok: Berserk           ||     3
Armor: Animal skin       ||    13
Dodge: Dodged            ||    18
